[ AOE2 MATCH · #505117515 ]
UnrankedTeutons vs Malay
Player's team · WIN
Rival team · LOSS
[ REPLAY ANALYSIS · EXTRACTED FROM THE RECORDED GAME ]
Feudal
9:31
Castle
25:58
Imperial
—
| APM avg | 41.9 |
| APM peak | 70 |
| eAPM avg | 20.8 |
| Villagers / military | 83 / 58 |
Focus
⚔️ 33.5% · 🌾 66.5%
Knight ×23 · Scout Cavalry ×11 · Spearman ×9 · Monk ×7 · Skirmisher ×6 · Scorpion ×2
Feudal
9:44
Castle
21:42
Imperial
—
| APM avg | 65.8 |
| APM peak | 109 |
| eAPM avg | 27.0 |
| Villagers / military | 76 / 78 |
Focus
⚔️ 37.5% · 🌾 62.5%
Battle Elephant ×26 · Archer ×25 · Knight ×14 · Militia ×8 · Spearman ×5
Match map
Initial resources + every placement click. Lines = walls · curves = elevation contours. ◆ gold · ⬟ stone · ● berries · ✦ relic · ◌ wall gap
Your base· Open — 4t gap
cagatepomelo's base· Open — 1t gap
Smoothed initial terrain · ◌ = detected wall gap · hover for details
Inputs per minute
— joeharry10 - - cagatepomelo
Build order — joeharry10
First 150 of 201 actions detected
| 0:00 | Queue | Villager (Male) |
| 0:00 | Queue | Villager (Male) |
| 0:01 | Queue | Villager (Male) |
| 0:02 | Build | House |
| 0:03 | Build | House |
| 0:26 | Queue | Villager (Male) |
| 1:27 | Queue | Villager (Male) |
| 1:44 | Build | Lumber Camp |
| 1:53 | Queue | Villager (Male) |
| 2:28 | Queue | Villager (Male) |
| 2:45 | Build | House |
| 2:51 | Build | Palisade Wall |
| 2:51 | Build | Palisade Wall |
| 2:54 | Queue | Villager (Male) |
| 3:05 | Queue | Villager (Male) |
| 3:37 | Queue | Villager (Male) |
| 4:07 | Queue | Villager (Male) |
| 4:20 | Queue | Villager (Male) |
| 4:50 | Queue | Villager (Male) |
| 5:06 | Queue | Villager (Male) |
| 5:52 | Queue | Villager (Male) |
| 5:52 | Research | Loom |
| 5:57 | Build | House |
| 6:16 | Build | Barracks |
| 6:38 | Queue | Villager (Male) |
| 7:21 | Research | Feudal Age |
| 7:24 | Build | House |
| 8:05 | Build | Mill |
| 8:15 | Queue | Villager (Male) |
| 8:15 | Queue | Villager (Male) |
| 9:31 | Age | Feudal Age |
| 9:33 | Research | Double-Bit Axe |
| 9:35 | Build | Stable |
| 9:41 | Research | Horse Collar |
| 10:03 | Queue | Villager (Male) |
| 10:03 | Queue | Villager (Male) |
| 10:20 | Queue | Scout Cavalry |
| 10:20 | Queue | Scout Cavalry |
| 10:33 | Build | House |
| 11:04 | Queue | Scout Cavalry |
| 11:13 | Build | Farm |
| 11:14 | Build | Farm |
| 11:22 | Build | Farm |
| 11:23 | Queue | Villager (Male) |
| 11:23 | Queue | Villager (Male) |
| 11:40 | Build | Farm |
| 11:46 | Build | House |
| 11:52 | Queue | Villager (Male) |
| 11:54 | Build | Farm |
| 11:55 | Build | Farm |
| 11:57 | Build | Farm |
| 11:58 | Build | Farm |
| 12:09 | Build | Palisade Wall |
| 12:28 | Build | Farm |
| 12:30 | Build | Farm |
| 12:47 | Build | House |
| 12:49 | Queue | Villager (Male) |
| 12:49 | Queue | Villager (Male) |
| 12:53 | Build | Farm |
| 12:55 | Queue | Spearman |
| 13:10 | Queue | Spearman |
| 13:25 | Queue | Spearman |
| 13:27 | Build | Farm |
| 13:51 | Queue | Villager (Male) |
| 13:51 | Queue | Villager (Male) |
| 14:23 | Build | Farm |
| 14:23 | Queue | Villager (Male) |
| 14:24 | Queue | Villager (Male) |
| 14:43 | Build | Farm |
| 14:48 | Queue | Scout Cavalry |
| 14:58 | Build | Mining Camp |
| 15:04 | Build | Blacksmith |
| 15:07 | Queue | Villager (Male) |
| 15:09 | Queue | Scout Cavalry |
| 15:17 | Build | Farm |
| 15:18 | Build | Farm |
| 15:19 | Build | Farm |
| 15:20 | Build | Farm |
| 15:34 | Build | House |
| 15:36 | Queue | Villager (Male) |
| 15:36 | Queue | Villager (Male) |
| 15:38 | Queue | Scout Cavalry |
| 15:51 | Queue | Scout Cavalry |
| 16:02 | Research | Town Watch |
| 16:25 | Research | Scale Barding Armor |
| 16:39 | Build | Farm |
| 16:39 | Build | Farm |
| 16:46 | Build | Farm |
| 16:47 | Build | Farm |
| 16:48 | Queue | Scout Cavalry |
| 17:05 | Queue | Scout Cavalry |
| 17:05 | Queue | Villager (Male) |
| 17:06 | Queue | Villager (Male) |
| 17:06 | Queue | Villager (Male) |
| 17:22 | Research | Forging |
| 17:23 | Queue | Villager (Male) |
| 17:55 | Research | Bloodlines |
| 17:56 | Queue | Scout Cavalry |
| 17:57 | Queue | Scout Cavalry |
| 18:06 | Build | Archery Range |
| 18:14 | Research | Padded Archer Armor |
| 18:21 | Queue | Villager (Male) |
| 18:27 | Build | Watch Tower |
| 18:45 | Build | House |
| 18:57 | Queue | Skirmisher |
| 18:58 | Queue | Skirmisher |
| 18:58 | Queue | Skirmisher |
| 19:08 | Build | Mining Camp |
| 19:10 | Queue | Skirmisher |
| 19:11 | Queue | Skirmisher |
| 19:32 | Queue | Villager (Male) |
| 19:32 | Queue | Villager (Male) |
| 19:33 | Queue | Villager (Male) |
| 19:49 | Queue | Skirmisher |
| 19:50 | Research | Fletching |
| 19:51 | Queue | Villager (Male) |
| 19:51 | Queue | Villager (Male) |
| 20:07 | Research | Wheelbarrow |
| 20:09 | Build | House |
| 20:10 | Build | House |
| 21:25 | Queue | Villager (Male) |
| 21:25 | Queue | Villager (Male) |
| 21:25 | Queue | Villager (Male) |
| 21:30 | Build | Farm |
| 21:31 | Build | Farm |
| 21:32 | Build | Farm |
| 22:00 | Queue | Villager (Male) |
| 23:18 | Research | Castle Age |
| 23:57 | Build | Stable |
| 24:09 | Queue | Villager (Male) |
| 24:10 | Queue | Villager (Male) |
| 24:37 | Build | Farm |
| 24:41 | Research | Gold Mining |
| 24:41 | Research | Stone Mining |
| 25:08 | Build | Farm |
| 25:11 | Queue | Villager (Male) |
| 25:58 | Age | Castle Age |
| 26:03 | Queue | Knight |
| 26:03 | Queue | Knight |
| 26:12 | Build | Monastery |
| 26:15 | Research | Bow Saw |
| 26:21 | Queue | Knight |
| 26:21 | Queue | Knight |
| 26:42 | Queue | Monk |
| 26:43 | Queue | Monk |
| 26:56 | Queue | Villager (Male) |
| 26:57 | Queue | Villager (Male) |
| 27:12 | Build | Mining Camp |
| 27:19 | Queue | Knight |
| 27:22 | Build | Mining Camp |
Build order — cagatepomelo
First 150 of 260 actions detected
| 0:01 | Queue | Villager (Male) |
| 0:01 | Queue | Villager (Male) |
| 0:01 | Queue | Villager (Male) |
| 0:02 | Build | House |
| 0:03 | Build | House |
| 0:13 | Queue | Villager (Male) |
| 0:13 | Queue | Villager (Male) |
| 1:28 | Queue | Villager (Male) |
| 1:28 | Queue | Villager (Male) |
| 1:28 | Queue | Villager (Male) |
| 1:49 | Build | Lumber Camp |
| 1:59 | Queue | Villager (Male) |
| 2:17 | Queue | Villager (Male) |
| 2:18 | Queue | Villager (Male) |
| 2:55 | Queue | Villager (Male) |
| 2:55 | Queue | Villager (Male) |
| 3:08 | Queue | Villager (Male) |
| 3:09 | Queue | Villager (Male) |
| 3:34 | Queue | Villager (Male) |
| 3:34 | Queue | Villager (Male) |
| 3:55 | Build | House |
| 4:07 | Queue | Villager (Male) |
| 4:07 | Queue | Villager (Male) |
| 4:21 | Queue | Villager (Male) |
| 4:30 | Build | Barracks |
| 4:46 | Queue | Villager (Male) |
| 4:57 | Build | House |
| 5:01 | Queue | Villager (Male) |
| 5:01 | Queue | Villager (Male) |
| 5:22 | Queue | Militia |
| 5:22 | Queue | Militia |
| 5:44 | Queue | Villager (Male) |
| 5:44 | Queue | Villager (Male) |
| 5:50 | Queue | Militia |
| 5:51 | Queue | Militia |
| 5:51 | Queue | Militia |
| 5:53 | Build | Palisade Wall |
| 6:17 | Queue | Villager (Male) |
| 6:29 | Build | Mill |
| 6:40 | Queue | Villager (Male) |
| 7:02 | Queue | Villager (Male) |
| 7:02 | Queue | Villager (Male) |
| 7:28 | Build | Mining Camp |
| 7:53 | Research | Loom |
| 8:26 | Research | Feudal Age |
| 8:26 | Research | Feudal Age |
| 8:38 | Queue | Militia |
| 8:38 | Queue | Militia |
| 8:43 | Build | House |
| 9:14 | Queue | Militia |
| 9:44 | Age | Feudal Age |
| 9:47 | Research | Man-at-Arms (upgrade) |
| 9:47 | Research | Man-at-Arms (upgrade) |
| 9:50 | Build | Archery Range |
| 10:08 | Queue | Villager (Male) |
| 10:49 | Queue | Villager (Male) |
| 11:03 | Queue | Villager (Male) |
| 11:05 | Queue | Archer |
| 11:05 | Queue | Archer |
| 11:11 | Queue | Spearman |
| 11:11 | Queue | Spearman |
| 11:30 | Queue | Villager (Male) |
| 11:44 | Build | House |
| 11:50 | Queue | Villager (Male) |
| 11:53 | Build | House |
| 11:54 | Build | Blacksmith |
| 11:56 | Queue | Archer |
| 12:01 | Build | House |
| 12:02 | Build | Palisade Wall |
| 12:03 | Build | Palisade Wall |
| 12:18 | Build | Palisade Wall |
| 12:20 | Build | House |
| 12:21 | Build | Palisade Wall |
| 12:27 | Queue | Archer |
| 12:29 | Queue | Villager (Male) |
| 12:32 | Build | Palisade Wall |
| 12:41 | Queue | Villager (Male) |
| 12:54 | Build | Palisade Wall |
| 13:00 | Queue | Archer |
| 13:14 | Build | Farm |
| 13:17 | Build | Palisade Wall |
| 13:24 | Queue | Archer |
| 13:29 | Queue | Villager (Male) |
| 13:31 | Build | Palisade Wall |
| 13:36 | Build | Farm |
| 13:46 | Queue | Villager (Male) |
| 14:01 | Build | Farm |
| 14:08 | Build | Farm |
| 14:13 | Queue | Archer |
| 14:30 | Research | Fletching |
| 14:30 | Research | Fletching |
| 14:43 | Queue | Archer |
| 14:47 | Build | Farm |
| 14:49 | Queue | Villager (Male) |
| 15:02 | Queue | Archer |
| 15:11 | Research | Padded Archer Armor |
| 15:11 | Research | Padded Archer Armor |
| 15:14 | Build | Farm |
| 15:16 | Build | Farm |
| 15:27 | Queue | Villager (Male) |
| 15:31 | Build | Farm |
| 15:39 | Queue | Archer |
| 15:57 | Queue | Villager (Male) |
| 16:00 | Build | House |
| 16:06 | Build | Farm |
| 16:24 | Queue | Villager (Male) |
| 16:28 | Build | Farm |
| 17:16 | Queue | Villager (Male) |
| 17:20 | Build | Market |
| 17:21 | Queue | Villager (Male) |
| 17:30 | Queue | Spearman |
| 17:45 | Queue | Archer |
| 17:46 | Queue | Villager (Male) |
| 17:47 | Build | Lumber Camp |
| 18:11 | Queue | Villager (Male) |
| 18:13 | Build | Palisade Wall |
| 18:15 | Build | Farm |
| 18:19 | Queue | Villager (Male) |
| 18:35 | Build | Farm |
| 18:59 | Queue | Villager (Male) |
| 19:24 | Build | Watch Tower |
| 19:24 | Build | Palisade Wall |
| 19:25 | Build | Palisade Wall |
| 19:25 | Build | Palisade Wall |
| 19:25 | Build | Palisade Wall |
| 19:26 | Build | Palisade Wall |
| 19:26 | Build | Palisade Wall |
| 19:57 | Build | Palisade Wall |
| 19:59 | Build | Palisade Wall |
| 20:06 | Research | Castle Age |
| 20:06 | Research | Castle Age |
| 20:11 | Build | House |
| 20:15 | Build | Archery Range |
| 20:20 | Queue | Spearman |
| 20:36 | Queue | Spearman |
| 20:39 | Research | Gold Mining |
| 20:40 | Research | Gold Mining |
| 21:21 | Build | Stable |
| 21:40 | Research | Double-Bit Axe |
| 21:40 | Research | Double-Bit Axe |
| 21:42 | Age | Castle Age |
| 21:53 | Research | Bodkin Arrow |
| 21:53 | Research | Crossbowman (upgrade) |
| 22:06 | Research | Crossbowman (upgrade) |
| 22:09 | Queue | Archer |
| 22:09 | Queue | Archer |
| 22:11 | Queue | Villager (Male) |
| 22:41 | Queue | Archer ×2 |
| 22:42 | Queue | Archer ×2 |
| 22:42 | Queue | Archer ×2 |
Match timeline
| 2:51 | joeharry10 · wall_segment Palisade Wall x2 |
| 2:51 | joeharry10 · wall_segment Palisade Wall x1 |
| 4:30 | cagatepomelo · first_building Barracks |
| 5:53 | cagatepomelo · wall_segment Palisade Wall x6 |
| 6:16 | joeharry10 · first_building Barracks |
| 9:31 | joeharry10 · age_up feudal |
| 9:35 | joeharry10 · first_building Stable |
| 9:44 | cagatepomelo · age_up feudal |
| 9:50 | cagatepomelo · first_building Archery Range |
| 12:02 | cagatepomelo · wall_segment Palisade Wall x1 |
| 12:03 | cagatepomelo · wall_segment Palisade Wall x1 |
| 12:09 | joeharry10 · wall_segment Palisade Wall x6 |
| 12:18 | cagatepomelo · wall_segment Palisade Wall x8 |
| 12:21 | cagatepomelo · wall_segment Palisade Wall x2 |
| 12:32 | cagatepomelo · wall_segment Palisade Wall x9 |
| 12:54 | cagatepomelo · wall_segment Palisade Wall x9 |
| 13:17 | cagatepomelo · wall_segment Palisade Wall x4 |
| 13:31 | cagatepomelo · wall_segment Palisade Wall x6 |
| 18:06 | joeharry10 · first_building Archery Range |
| 18:13 | cagatepomelo · wall_segment Palisade Wall x1 |
| 19:16 | cagatepomelo · first_market_sell 500 wood |
| 19:17 | cagatepomelo · first_market_buy 100 food |
| 19:24 | cagatepomelo · wall_segment Palisade Wall x2 |
| 19:25 | cagatepomelo · wall_segment Palisade Wall x2 |
| 19:25 | cagatepomelo · wall_segment Palisade Wall x2 |
| 19:25 | cagatepomelo · wall_segment Palisade Wall x1 |
| 19:26 | cagatepomelo · wall_segment Palisade Wall x2 |
| 19:26 | cagatepomelo · wall_segment Palisade Wall x1 |
| 19:57 | cagatepomelo · wall_segment Palisade Wall x1 |
| 19:59 | cagatepomelo · wall_segment Palisade Wall x1 |
| 21:21 | cagatepomelo · first_building Stable |
| 21:42 | cagatepomelo · age_up castle |
| 23:25 | cagatepomelo · wall_segment Palisade Wall x1 |
| 23:32 | cagatepomelo · wall_segment Palisade Wall x1 |
| 25:58 | joeharry10 · age_up castle |
| 26:12 | joeharry10 · first_building Monastery |
| 27:20 | cagatepomelo · wall_segment Palisade Wall x21 |
| 28:23 | cagatepomelo · wall_segment Palisade Wall x1 |
| 29:34 | joeharry10 · first_building Siege Workshop |
| 30:04 | joeharry10 · first_building Castle |
| 32:57 | cagatepomelo · first_building Castle |
| 35:57 | joeharry10 · wall_segment Stone Wall x6 |
| 35:58 | joeharry10 · wall_segment Stone Wall x5 |
| 36:25 | cagatepomelo · resign |
[ AI ANALYSIS · 1 CREDIT ]
What really happened in this match?
Wolo.gg analyzes every decision: build order, eco, micro, common mistakes by bracket. Personalized analysis on WhatsApp or Discord in 30 seconds.
Civ guide
Teutons
Perfil
Jugador #440856